 Dungeon Crawl Stone Soup version 0.28.0-1-gb440e238dd (webtiles) character file.

Game seed: 14469743038571752145

259663 Colgate the Eclecticist (level 19, -5/152 HPs)
             Began as a Demonspawn Conjurer on Feb 20, 2022.
             Was a High Priest of Makhleb.
             Slain by a thrashing horror (10 damage)
             ... on level 3 of the Abyss.
             The game lasted 06:14:36 (87194 turns).

Colgate the Eclecticist (Demonspawn Conjurer)      Turns: 87194, Time: 06:14:36

Health: -5/152     AC:  0    Str: 12      XL:     19   Next: 15%
Magic:  1/40       EV: 20    Int: 42 (44) God:    Makhleb [*****.]
Gold:   932        SH:  5    Dex: 12      Spells: 16/53 levels left

rFire   . . .      SeeInvis +   a - staff of conjuration
rCold   . . .      Faith    .   l - +2 buckler
rNeg    + . .      Spirit   .   (no armour)
rPois   +          Reflect  .   (helmet unavailable)
rElec   .          Harm     .   x - scarf {shadows}
rCorr   .          Rampage  .   (no gloves)
Will    ++++.      Clarity  +   (no boots)
Stlth   ++........              D - amulet of the Four Winds {rN+ Will+++ Clar}
HPRegen 0.35/turn               K - ring of Liberty {rPois Str+3 Int+6}
MPRegen 0.27/turn               g - +6 ring of intelligence

@: mighty, agile, very slightly contaminated, hasted, very quick
A: antennae 3, powered by death 3, powered by pain 2, big brain 3, corrupting
presence 1
}: 2/15 runes: barnacled, gossamer
a: Renounce Religion, Minor Destruction, Lesser Servant of Makhleb, Major
Destruction, Greater Servant of Makhleb


You were on level 3 of the Abyss.
You worshipped Makhleb.
Makhleb was extremely pleased with you.
You visited 6 branches of the dungeon, and saw 33 of its levels.
You visited the Abyss 1 time.

You collected 4935 gold pieces.
You spent 4003 gold pieces at shops.

Inventory:

Hand Weapons
 b - a +7 demon blade of electrocution
 p - the +5 war axe "Tekinoc" {venom, Str+3 Dex+4}
   (You found it on level 4 of the Dungeon)

   It poisons the flesh of those it strikes.
   Str:       It affects your strength (+3).
   Dex:       It affects your dexterity (+4).
 G - the +10 rapier of True Grit {elec, Stlth+}
   (You found it on level 7 of the Dungeon)

   It occasionally discharges a powerful burst of electricity upon striking a
   foe.
   Stlth:     It makes you more stealthy.
Missiles
 W - 10 throwing nets {!f}
Armour
 h - a +0 cloak of stealth
 l - a +2 buckler (worn)
 u - a scarf of harm
 x - a scarf of shadows (worn)
 F - a +1 cloak of willpower
Magical Staves
 a - a staff of conjuration (weapon)
Jewellery
 g - a +6 ring of intelligence (right hand)
 D - the amulet of the Four Winds (around neck) {rN+ Will+++ Clar}
   (You took it off a merfolk impaler on level 4 of the Shoals)

   [amulet of nothing]

   rN:        It protects you from negative energy.
   Clar:      It protects you against confusion.
   Will:      It greatly increases your willpower.
 E - a ring of resist corrosion
 K - the ring of Liberty (left hand) {rPois Str+3 Int+6}
   (You found it on level 7 of the Dungeon)

   [ring of intelligence]

   Str:       It affects your strength (+3).
   Int:       It affects your intelligence (+6).
   rPois:     It protects you from poison.
 L - a ring of protection from cold
 M - a ring of protection from cold
Wands
 o - a wand of digging (1) {@v3}
 r - a wand of polymorph (14)
 C - a wand of flame (46)
 P - a wand of acid (9) {@v1}
 S - a wand of iceblast (14) {@v2}
 U - a wand of charming (18)
 V - a wand of mindburst (9)
 Z - a wand of paralysis (13)
Scrolls
 d - 2 scrolls of silence
 e - 2 scrolls of amnesia
 k - 5 scrolls of torment
 q - a scroll of enchant weapon
 t - 11 scrolls of teleportation {@r3}
 v - a scroll of fear
 y - a scroll of blinking {@r4}
 I - 6 scrolls of fog
 Q - 7 scrolls of immolation
 T - 4 scrolls of holy word
 Y - a scroll of vulnerability
Potions
 c - 11 potions of curing {@q1}
 f - 4 potions of cancellation
 i - 6 potions of mutation
 m - 2 potions of invisibility
 n - 11 potions of ambrosia
 w - 3 potions of brilliance
 z - 10 potions of haste {@q4}
 A - 3 potions of magic
 H - 5 potions of resistance {@q5}
Miscellaneous
 s - a box of beasts
 B - a phantom mirror
 J - a condenser vane


   Skills:
 - Level 14.0 Fighting
 - Level 10.0 Dodging
 - Level 1.7 Stealth
 + Level 17.5 Spellcasting
 - Level 17.0 Conjurations
 - Level 4.0 Hexes
 - Level 2.0 Necromancy
 - Level 3.5 Transmutations
 - Level 2.2 Fire Magic
 - Level 14.0 Earth Magic
 - Level 17.0 Invocations
 - Level 5.1 Evocations


You had 16 spell levels left.
You knew the following spells:

 Your Spells              Type           Power      Damage    Failure   Level
a - Magic Dart            Conj           100%       1d8       0%          1
b - Searing Ray           Conj           100%       2d8       0%          2
c - Starburst             Conj/Fire      54%        6d15      1%          6
d - Sublimation of Blood  Necr           52%        N/A       1%          2
e - Statue Form           Tmut/Erth      56%        N/A       1%          6
f - Lee's Rapid Deconstr  Erth           50%        3d25*     1%          5
g - Passwall              Tmut/Erth      70%        N/A       1%          2
h - Irradiate             Conj/Tmut      55%        3d32      1%          5
i - Lehudib's Crystal Sp  Conj/Erth      64%        10d15     4%          8

Your spell library contained the following spells:

 Spells                   Type           Power      Damage    Failure   Level
 Stone Arrow              Conj/Erth      100%       3d13      0%          3
 Animate Skeleton         Necr           100%       N/A       1%          1
 Apportation              Tloc           72%        N/A       1%          1
 Beastly Appendage        Tmut           100%       N/A       1%          1
 Pain                     Necr           100%       1d9       1%          1
 Shock                    Conj/Air       100%       1d9       1%          1
 Slow                     Hex            100%       N/A       1%          1
 Blink                    Tloc           72%        N/A       1%          2
 Corpse Rot               Necr/Air       90%        N/A       1%          2
 Static Discharge         Conj/Air       100%       N/A       1%          2
 Wereblood                Tmut           61%        N/A       1%          2
 Confusing Touch          Hex            63%        N/A       1%          3
 Dazzling Flash           Conj/Hex       100%       N/A       1%          3
 Gell's Gravitas          Tloc           36%        N/A       1%          3
 Lesser Beckoning         Tloc           36%        N/A       1%          3
 Ozocubu's Armour         Ice            36%        N/A       1%          3
 Spider Form              Tmut/Pois      51%        N/A       1%          3
 Swiftness                Air            36%        N/A       1%          3
 Teleport Other           Tloc           36%        N/A       1%          3
 Vampiric Draining        Necr           52%        2d9       1%          3
 Animate Armour           Summ/Erth      100%       N/A       1%          4
 Dispel Undead            Necr           52%        3d19      1%          4
 Fulminant Prism          Conj/Hex       56%        3d25      1%          4
 Iskenderun's Mystic Bla  Conj/Tloc      100%       2d19      1%          4
 Leda's Liquefaction      Hex/Erth       42%        N/A       1%          4
 Petrify                  Tmut/Erth      84%        N/A       1%          4
 Sticky Flame             Conj/Fire      100%       2d11      1%          4
 Blade Hands              Tmut           30%        N/A       2%          5
 Yara's Violent Unravell  Hex/Tmut       31%        3d13      2%          5
 Airstrike                Air            18%        N/A       4%          4
 Summon Ice Beast         Ice/Summ       36%        N/A       4%          4
 Metabolic Englaciation   Hex/Ice        26%        N/A       4%          5
 Summon Mana Viper        Hex/Summ       52%        N/A       4%          5
 Alistair's Intoxication  Tmut/Pois      34%        N/A       5%          5
 Manifold Assault         Tloc           36%        N/A       11%         5
 Death Channel            Necr           26%        N/A       26%         6
 Enfeeble                 Hex            31%        N/A       52%         7
 Dragon Form              Tmut           30%        N/A       56%         7
 Monstrous Menagerie      Summ           18%        N/A       96%         7
 Ozocubu's Refrigeration  Ice            18%        4d8       96%         7


Dungeon Overview and Level Annotations

Branches:
Dungeon (15/15)            Temple (0/1) D:6            Lair (6/6) D:10
 Shoals (4/4) Lair:2       Spider (4/4) Lair:2        Slime (0/5) Lair:5
    Orc (2/2) D:11            Elf (0/3) Orc:2        Vaults (2/5) D:13
 Depths (0/4) D:15
  Crypt: Vaults:2-3

Altars:
Cheibriados
Dithmenos
Fedhas
Gozag
Hepliaklqana
Makhleb
Nemelex Xobeh
Qazlal
Trog
Vehumet
Xom
Yredelemnul
Beogh
Jiyva

Shops:
D:3 :   D:5 !   D:7 [:!   D:10 (   D:13 [   Orc:1 =   Orc:2 *[([   Shoals:4 **
Vaults:1 [   Vaults:2 [

Portals:
Trove: D:12 (show slimy rune of Zot)

Annotations:
Shoals:1 1 runed translucent door, Qatuad's ghost, adept GnFi


Innate Abilities, Weirdness & Mutations

You have a pair of large antennae on your head. (SInv)
You regenerate a lot of health from kills.
You sometimes gain power by taking damage.
You have an absolutely massive brain. (Int +6, Wiz)
Your presence sometimes corrodes those you injure.


Message History

The starspawn tentacle completely misses you.
The starspawn tentacle grabs you. The starspawn tentacle constricts you.
* * * LOW HITPOINT WARNING * * *
You escape the starspawn tentacle's grasp.
The starspawn tentacle grabs you. The starspawn tentacle constricts you.
* * * LOW HITPOINT WARNING * * *
You escape the starspawn tentacle's grasp.
The apocalypse crab breathes chaos at you.
The blast of chaos engulfs you!
You feel yourself speed up.
You are engulfed in seething chaos.
You feel yourself slow down.
Okay, then.
The thrashing horror tramples you!
* * * LOW HITPOINT WARNING * * *
You focus on the pain.
You feel very mighty all of a sudden.
You hold your ground!
The thrashing horror tramples you.
* * * LOW HITPOINT WARNING * * *
You hold your ground!
A large abomination comes into view.
The thrashing horror closely misses you.
The thrashing horror misses you.
You feel yourself speed up.
You are too injured to fight recklessly!
The thrashing horror misses you. The thrashing horror tramples you.
* * * LOW HITPOINT WARNING * * *
You stumble backwards!
Aiming: Lehudib's Crystal Spear (dangerous; 4% risk of failure)
Aim: a thrashing horror (84% to hit)
You feel a surge of power!
You miscast Lehudib's Crystal Spear.
You are very lightly contaminated with residual magic.
Nothing appears to happen.
The thrashing horror misses you. The thrashing horror barely misses you.
The thrashing horror roars!
The thrashing horror completely misses you.
The thrashing horror tramples you!
* * * LOW HITPOINT WARNING * * *
You stumble backwards!
The thrashing horror roars!
The thrashing horror tramples you!
You die...

..##.#.##..#....#.
.
{#.....#...##....#.
##........#...###.
#
#.....#..X..#.....
. #..##....#.# #..
#........§.# #
###..#...###..
#..#X#..#..###.
###..@#....##
#...#..#.#.#
#.##§..# ### #
#..#### ...# {
###.. ...


You could see a thrashing horror.

Vanquished Creatures
  Mara (Shoals:4)
  Nikola (Shoals:1)
  Rupert (D:12)
  Jorgrun (D:12)
  Mlioglotl (Shoals:4)
  Asterion (Spider:3)
  A sphinx (Vaults:2)
  Polyphemus (Shoals:4)
  Kirke (Shoals:2)
  Roxanne (Shoals:1)
  4 emperor scorpions
  5 ghost moths
  2 vault wardens (Vaults:2)
  Aizul (Shoals:1)
  A frost giant (Shoals:4)
  Louise (Spider:3)
  2 orc warlords
  A war gargoyle (Vaults:1)
  4 ironbound preservers
  An ironbound thunderhulk (Vaults:1)
  6 broodmothers
  Azrael (D:15)
  5 entropy weavers
  3 spark wasps
  A fire dragon (Lair:6)
  5 merfolk javelineers
  Josephine (D:15)
  A crystal guardian (Vaults:1)
  The ghost of Ypehuijo the Spear-Bearer, a journeyman OpFi of Gozag (Lair:5)
  3 yaktaur captains
  11 merfolk impalers
  6 boulder beetles
  A rakshasa (D:15)
  The ghost of Vruhak the Basher, a journeyman FoAK of Lugonu (D:9)
  6 ironbound frosthearts
  2 ice dragons (D:15)
  11 hydras
  A peacekeeper (Vaults:1)
  2 merfolk aquamancers (Shoals:4)
  2 catoblepae
  3 death knights
  An ogre mage (D:15)
  4 merfolk avatars
  A satyr (Shoals:4)
  20 centaur warriors
  3 radroaches
  A deep troll shaman (Lair:6)
  5 tengu warriors
  11 two-headed ogres
  A thrashing horror (Abyss:3)
  2 orc high priests (Orc:2)
  9 death yaks
  Urug (D:11)
  A fire crab (shapeshifter) (D:13)
  4 pharaoh ants
  A sun moth (Spider:1)
  A glowing orange brain (Abyss:3)
  15 sea snakes
  14 deep trolls
  4 steelbarb worms
  14 harpies
  2 wizards (Vaults:2)
  6 ironbound convokers
  7 orb spiders
  7 orc knights
  3 deep elf pyromancers
  5 orc sorcerers
  An oklob plant (Lair:4)
  7 cyclopes
  13 elephants
  11 manticores
  9 ugly things
  15 wolf spiders
  10 merfolk sirens
  3 moths of wrath
  Maurice (D:8)
  8 vault sentinels
  3 black mambas
  A torpor snail (Spider:3)
  5 water nymphs
  15 cane toads
  3 gargoyles
  An unseen horror (D:13)
  A freezing wraith (D:11)
  5 demonic crawlers
  An unseen horror (shapeshifter) (D:13)
  14 rime drakes (Lair:6)
  2 efreet
  7 yaktaurs
  7 komodo dragons
  A tengu conjurer (D:14)
  6 meliai (Spider:2)
  7 trolls
  38 merfolk
  A queen bee (shapeshifter) (D:13)
  2 polar bears (Lair:6)
  A queen bee (Lair:2)
  13 blink frogs
  A hornet (shapeshifter) (D:15)
  2 hornets (Lair:5)
  23 tarantellas
  Grinder (D:4)
  A meliai zombie (D:12)
  5 wind drakes
  2 dream sheep (Shoals:3)
  14 slime creatures
  6 snapping turtles
  3 water elementals
  20 jumping spiders
  2 shadows
  70 yaks
  7 spriggans (Lair:5)
  5 wraiths
  18 culicivoras
  A ynoxinul (Abyss:3)
  The ghost of Peloso the Covered, an amateur MiFi (D:3)
  2 fire elementals (D:15)
  2 vampires (D:12)
  A hog (Shoals:2)
  5 wyverns
  10 basilisks
  46 redbacks
  7 steam dragons
  13 wargs
  A large abomination (Abyss:3)
  15 water moccasins
  The ghost of NoOffense the Sneak, an amateur SpBr (D:6)
  6 hell hounds
  21 orc warriors
  An ice beast (D:7)
  A black bear (D:5)
  The ghost of Zeus21348 the Chopper, an amateur HOMo (D:4)
  3 necrophages
  A sky beast (D:5)
  3 boggarts (Vaults:1)
  11 ogres
  21 wolves
  8 centaurs
  2 phantoms
  3 kobold brigands
  11 bullfrogs
  A gnoll sergeant (D:10)
  3 scorpions
  The ghost of CrazyMind the Skirmisher, a weakling DrBe of Trog (D:3)
  26 killer bees
  The ghost of tape the Skirmisher, a weakling DsMo (D:3)
  8 wights
  6 howler monkeys
  5 electric eels
  The ghost of mn3067 the Chopper, a weakling GrBe of Trog (D:3)
  6 centaur zombies
  A bullfrog zombie (D:6)
  A jelly (D:5)
  2 hounds
  A gnoll shaman (D:8)
  33 orc priests
  An iron imp (D:7)
  Jessica (D:2)
  7 hell rats (Lair:6)
  39 orc wizards
  A killer bee zombie (D:8)
  A hound skeleton (D:4)
  3 howler monkey zombies
  Robin (D:2)
  6 adders
  11 gnolls
  A howler monkey skeleton (D:4)
  A white imp (D:5)
  An adder skeleton (D:4)
  3 worms
  76 orcs
  6 ball pythons
  6 endoplasms
  3 giant cockroaches
  11 goblins
  12 hobgoblins
  2 quokkas
  3 bats
  4 frilled lizards
  16 kobolds
  3 rats
  4 bushes (Lair:4)
  A fulminant prism (Lair:4)
  A tentacle (Shoals:3)
1159 creatures vanquished.

Vanquished Creatures (collateral kills)
  Ilsuiw (Shoals:4)
  A merfolk javelineer (Shoals:4)
  3 merfolk impalers (Shoals:4)
  An orb spider (Spider:2)
  A wolf spider (Spider:2)
  A merfolk siren (Shoals:4)
  A demonic crawler (Spider:2)
  4 merfolk (Shoals:4)
  A culicivora (Spider:2)
14 creatures vanquished.

Vanquished Creatures (others)
  A slime creature (D:13)
  547 fulminant prisms
  85 fungi
  292 plants
  2 starspawn tentacles (Abyss:3)
  3 tentacles (Shoals:3)
  2 withered plants (D:3)
932 creatures vanquished.

Grand Total: 2105 creatures vanquished

Notes
Turn   | Place    | Note
-------+----------+-------------------------------------------
     0 | D:1      | Colgate the Demonspawn Conjurer began the quest for the
                  | Orb.
     0 | D:1      | Reached XP level 1. HP: 13/13 MP: 3/3
   295 | D:1      | Gained mutation: You regenerate a little health from kills.
                  | [demonic ancestry]
   295 | D:1      | Reached XP level 2. HP: 19/19 MP: 3/5
   389 | D:1      | Learned a level 2 spell: Searing Ray
  1187 | D:2      | Reached skill level 5 in Conjurations
  1187 | D:2      | Gained mutation: You have a pair of small antennae on your
                  | head. [demonic ancestry]
  1187 | D:2      | Reached XP level 3. HP: 20/24 MP: 1/6
  1274 | D:2      | Noticed Jessica
  1281 | D:2      | Killed Jessica
  1409 | D:2      | Gained mutation: You regenerate health from kills. [demonic
                  | ancestry]
  1409 | D:2      | Reached XP level 4. HP: 30/30 MP: 5/7
  1727 | D:2      | Noticed Robin
  1819 | D:2      | Killed Robin
  2399 | D:3      | Found Pavere Qiej's Book Shop.
  2634 | D:3      | Learned a level 4 spell: Fulminant Prism
  2675 | D:3      | Noticed a phantom
  2718 | D:3      | Killed a phantom
  2719 | D:3      | Reached XP level 5. HP: 35/35 MP: 0/9
  3146 | D:3      | Found a sparkling altar of Nemelex Xobeh.
  3280 | D:3      | You fall into a shaft and drop 3 floors!
  3292 | D:6      | Reached skill level 1 in Hexes
  3389 | D:6      | Noticed a water moccasin
  3397 | D:5      | Entered Level 5 of the Dungeon
  3400 | D:5      | Killed a water moccasin
  3401 | D:5      | Gained mutation: You have an unusually large brain. (Int
                  | +2) [demonic ancestry]
  3401 | D:5      | Reached XP level 6. HP: 14/41 MP: 5/10
  3568 | D:5      | Found a stormy altar of Qazlal.
  3925 | D:3      | Found a runed translucent gate.
  3926 | D:3      | Found a runed translucent gate.
  3926 | D:3      | Found a runed translucent gate.
  3927 | D:3      | Noticed mn3067's ghost (weakling GrBe)
  3928 | D:3      | Noticed tape's ghost (weakling DsMo)
  3928 | D:3      | Noticed CrazyMind's ghost (weakling DrBe)
  3928 | D:3      | Noticed Peloso's ghost (amateur MiFi)
  4187 | D:3      | Found a burning altar of Makhleb.
  4192 | D:3      | Became a worshipper of Makhleb the Destroyer
  4864 | D:4      | Found a runed translucent gate.
  4865 | D:4      | Found a runed translucent gate.
  4866 | D:4      | Found a runed translucent gate.
  4867 | D:4      | Found an opulent altar of Gozag.
  4869 | D:4      | Noticed Zeus21348's ghost (amateur HOMo)
  4869 | D:4      | Noticed a steam dragon
  4936 | D:4      | Gained mutation: You regenerate a lot of health from kills.
                  | [demonic ancestry]
  4936 | D:4      | Reached XP level 7. HP: 46/46 MP: 3/11
  5814 | D:4      | Noticed Grinder
  5824 | D:4      | Paralysed by Grinder for 7 turns
  5838 | D:4      | Paralysed by Grinder for 4 turns
  6006 | D:4      | Paralysed by Grinder for 5 turns
  6364 | D:4      | Identified the +5 war axe "Tekinoc" {venom, Str+3 Dex+4}
  6579 | D:5      | Found Dimotoi's Distillery.
  7164 | D:5      | Reached XP level 8. HP: 52/52 MP: 7/12
  8301 | D:6      | Found a shimmering altar of Xom.
  8362 | D:6      | Identified the +7 quarterstaff "Dirghecuo" {elec, rC+ Dex+7
                  | SInv}
  8394 | D:6      | Found a staircase to the Ecumenical Temple.
  8584 | D:6      | Found a transporter.
  8585 | D:6      | Noticed NoOffense's ghost (amateur SpBr)
  8586 | D:6      | Identified the +11 dire flail of Cuum Sokh {elec, rN+ Dex+3
                  | SInv}
  8586 | D:6      | Noticed a two-headed ogre
  8623 | D:6      | Reached * piety under Makhleb
  8802 | D:7      | Noticed a two-headed ogre
  8850 | D:6      | Reached skill level 10 in Conjurations
  9006 | D:6      | Killed a two-headed ogre
  9007 | D:6      | Gained mutation: You have an extremely huge brain. (Int +4)
                  | [demonic ancestry]
  9007 | D:6      | Reached XP level 9. HP: 37/57 MP: 3/18
  9133 | D:6      | Found a transporter.
  9660 | D:7      | Identified the +10 rapier of True Grit {elec, Stlth+}
  9674 | D:7      | Reached skill level 1 in Fighting
  9814 | D:7      | Found Momeliy's Book Shoppe.
  9814 | D:7      | Found Kastue's Magic Scroll Boutique.
  9819 | D:7      | Found Xahiz's Antique Armour Shoppe.
  9819 | D:7      | Found Icwy's Distillery.
  9850 | D:7      | Bought a scroll of fear for 45 gold pieces
  9850 | D:7      | Bought a scroll of fog for 26 gold pieces
  9850 | D:7      | Bought a scroll of identify for 26 gold pieces
  9850 | D:7      | Bought a scroll of blinking for 97 gold pieces
  9850 | D:7      | Identified the ring of Liberty {rPois Str+3 Int+6}
  9919 | D:7      | Found a snail-covered altar of Cheibriados.
  9950 | D:7      | Found a snail-covered altar of Cheibriados.
  9976 | D:7      | Found Xahiz's Antique Armour Shoppe.
  9977 | D:7      | Found Icwy's Distillery.
  9981 | D:7      | Found Kastue's Magic Scroll Boutique.
  9981 | D:7      | Found Momeliy's Book Shoppe.
 10492 | D:8      | Noticed Maurice
 10570 | D:8      | Reached skill level 5 in Fighting
 10732 | D:8      | Killed Maurice
 10733 | D:8      | Gained mutation: You have a pair of antennae on your head.
                  | [demonic ancestry]
 10733 | D:8      | Reached XP level 10. HP: 76/76 MP: 8/20
 10937 | D:8      | Found a hazy altar of Hepliaklqana.
 11643 | D:9      | Reached ** piety under Makhleb
 11774 | D:9      | Noticed a gargoyle
 11780 | D:9      | Killed a gargoyle
 12318 | D:9      | Found a runed translucent gate.
 12319 | D:9      | Found a runed translucent gate.
 12320 | D:9      | Found a runed translucent gate.
 12322 | D:9      | Noticed Vruhak's ghost (journeyman FoAK)
 12322 | D:9      | Noticed a centaur warrior
 12324 | D:9      | Noticed a two-headed ogre
 12488 | D:9      | Noticed a centaur warrior
 12504 | D:9      | Killed a centaur warrior
 13163 | D:7      | Bought a potion of curing for 42 gold pieces
 13220 | D:5      | Bought a potion of ambrosia for 88 gold pieces
 13308 | D:10     | Entered Level 10 of the Dungeon
 13619 | D:3      | Killed tape's ghost
 13622 | D:3      | Killed mn3067's ghost
 13626 | D:3      | Killed Peloso's ghost
 13648 | D:3      | Killed CrazyMind's ghost
 13790 | D:3      | Identified a scroll of acquirement
 13791 | D:3      | Acquired 612 gold pieces
 13830 | D:5      | Bought 2 potions of mutation for 176 gold pieces
 13830 | D:5      | Bought a potion of magic for 88 gold pieces
 13830 | D:5      | Bought a potion of degeneration for 11 gold pieces
 13887 | D:7      | Bought a potion of invisibility for 112 gold pieces
 13887 | D:7      | Bought a potion of brilliance for 56 gold pieces
 14017 | D:4      | Killed Zeus21348's ghost
 14159 | D:7      | Bought a potion of haste for 140 gold pieces
 14315 | D:4      | Found an opulent altar of Gozag.
 14510 | D:4      | Killed Grinder
 15146 | D:10     | Reached skill level 10 in Fighting
 15946 | D:10     | Reached XP level 11. HP: 90/90 MP: 9/21
 16520 | D:10     | Found a staircase to the Lair.
 16701 | D:10     | Found Athreu Wachic's Antique Weapon Shop.
 16732 | D:11     | Noticed Urug
 16880 | D:11     | Killed Urug
 17228 | D:11     | Found a staircase to the Orcish Mines.
 17507 | D:11     | Reached *** piety under Makhleb
 17508 | D:11     | Reached skill level 1 in Evocations
 18016 | D:11     | Noticed a two-headed ogre
 18025 | D:11     | Killed a two-headed ogre
 18693 | D:6      | Killed a two-headed ogre
 18940 | D:6      | Killed NoOffense's ghost
 18941 | D:6      | Reached skill level 5 in Evocations
 18994 | D:6      | Learned a level 4 spell: Iskenderun's Mystic Blast
 19342 | D:12     | Reached skill level 1 in Earth Magic
 19345 | D:12     | Reached skill level 1 in Transmutations
 19352 | D:12     | Noticed Nessos
 19354 | D:12     | Noticed Nessos
 19354 | D:12     | Nessos changed into Nessos the cane toad
 19357 | D:12     | Killed Nessos the cane toad
 19654 | D:12     | Noticed Jorgrun
 20081 | Lair:1   | Entered Level 1 of the Lair of Beasts
 20254 | Lair:1   | Noticed an eight-headed hydra
 20266 | Lair:1   | Killed an eight-headed hydra
 20568 | Lair:1   | Noticed a seven-headed hydra
 20573 | Lair:1   | Killed a seven-headed hydra
 20816 | Lair:1   | Reached XP level 12. HP: 97/97 MP: 14/22
 20943 | Lair:1   | Reached skill level 5 in Earth Magic
 22343 | Lair:2   | Found a staircase to the Shoals.
 22586 | Lair:2   | Noticed a five-headed hydra
 23390 | Lair:2   | Killed a five-headed hydra
 24005 | D:3      | Bought a book of Sloth for 396 gold pieces
 24012 | D:3      | Learned a level 6 spell: Statue Form
 24887 | Lair:2   | Reached skill level 5 in Dodging
 25149 | Lair:2   | Found a hole to the Spider Nest.
 26242 | Lair:3   | Noticed a death yak
 26243 | Lair:3   | Noticed a death yak
 26254 | Lair:3   | Killed a death yak
 26255 | Lair:3   | Noticed an eight-headed hydra
 26477 | Lair:3   | Noticed a six-headed hydra
 26490 | Lair:2   | Killed an eight-headed hydra
 26800 | Lair:3   | Killed a six-headed hydra
 26800 | Lair:3   | Reached **** piety under Makhleb
 26926 | Lair:3   | Noticed a death yak
 27064 | Lair:3   | Killed a death yak
 27065 | Lair:3   | Gained mutation: You have a pair of large antennae on your
                  | head. (SInv) [demonic ancestry]
 27065 | Lair:3   | Reached XP level 13. HP: 103/103 MP: 8/23
 27448 | Lair:3   | Identified the +1 pair of gloves of Ixtialye {rN+ Regen+
                  | Dex+7}
 30214 | D:7      | Bought Roxanne's Catalogue of the Mutagenic Mountains for
                  | 360 gold pieces
 30220 | D:7      | Learned a level 5 spell: Lee's Rapid Deconstruction
 30223 | D:7      | Learned a level 2 spell: Passwall
 30510 | Lair:4   | Identified the +0 ring mail of the Blessed Realm {Harm
                  | rElec Regen+ Int-3}
 31522 | Lair:4   | Found a blossoming altar of Fedhas.
 32377 | Lair:5   | Found a transporter.
 32385 | Lair:5   | Reached skill level 10 in Earth Magic
 32414 | Lair:5   | Noticed Ypehuijo's ghost (journeyman OpFi)
 32498 | Lair:5   | Found a transporter.
 32723 | Lair:5   | Found a bloodstained altar of Trog.
 33372 | Lair:5   | Found a staircase to the Slime Pits.
 33434 | Lair:5   | Found a viscous altar of Jiyva.
 33913 | Orc:1    | Entered Level 1 of the Orcish Mines
 34288 | Orc:1    | Found Zellipp's Jewellery Boutique.
 34834 | Orc:2    | Entered Level 2 of the Orcish Mines
 38268 | Orc:2    | Found Ecetza's Antique Armour Boutique.
 38268 | Orc:2    | Found Ereb's Weapon Boutique.
 38269 | Orc:2    | Found Myan's Assorted Antiques.
 38273 | Orc:2    | Found Iquurphogh's Antique Armour Shop.
 38616 | Orc:2    | Reached XP level 14. HP: 115/115 MP: 2/24
 38747 | Orc:2    | Found a staircase to the Elven Halls.
 38779 | Orc:2    | Reached ***** piety under Makhleb
 39670 | Orc:1    | Noticed an orc warlord
 39868 | Orc:1    | Killed an orc warlord
 40316 | D:3      | Bought a manual of Spellcasting for 880 gold pieces
 40495 | D:7      | Bought a scroll of fog for 26 gold pieces
 40495 | D:7      | Bought a scroll of identify for 26 gold pieces
 40495 | D:7      | Bought a scroll of identify for 26 gold pieces
 40689 | Lair:6   | Entered Level 6 of the Lair of Beasts
 40958 | Lair:6   | Reached skill level 10 in Spellcasting
 41237 | Lair:5   | Found a transporter.
 41396 | Lair:5   | Found a bloodstained altar of Trog.
 41403 | Lair:5   | Found a transporter.
 41588 | Lair:5   | Found a staircase to the Slime Pits.
 41588 | Lair:5   | Found a viscous altar of Jiyva.
 42826 | Orc:2    | Bought an embroidered cloak for 240 gold pieces
 44601 | Lair:6   | Identified the +3 scale mail of Kanen {Rampage *Corrode
                  | Will+}
 44871 | D:12     | Killed Jorgrun
 45052 | D:12     | Noticed Rupert
 45144 | D:12     | Killed Rupert
 45145 | D:12     | Gained mutation: You sometimes gain a little power by
                  | taking damage. [demonic ancestry]
 45145 | D:12     | Reached XP level 15. HP: 120/120 MP: 5/33
 45315 | D:12     | Found a portal to a secret trove of treasure.
 45513 | D:12     | Found a basalt altar of Yredelemnul.
 46434 | D:13     | Found Sotwulae's Antique Armour Boutique.
 46562 | D:13     | Found a radiant altar of Vehumet.
 46793 | D:13     | Reached skill level 15 in Conjurations
 47390 | D:13     | Found a gate to the Vaults.
 47735 | D:3      | Bought a book of Necromancy for 176 gold pieces
 47741 | D:3      | Learned a level 5 spell: Irradiate
 47741 | D:3      | Bought a book of Armaments for 396 gold pieces
 47750 | D:3      | Learned a level 8 spell: Lehudib's Crystal Spear
 48015 | D:14     | Reached ****** piety under Makhleb
 48455 | D:14     | Found a shadowy altar of Dithmenos.
 49703 | D:15     | Entered Level 15 of the Dungeon
 50564 | D:15     | Noticed Azrael
 50578 | D:15     | Killed Azrael
 50955 | D:15     | Noticed Josephine
 51091 | D:15     | Killed Josephine
 51674 | D:15     | Identified the +1 ring mail "Zavemuf" {rElec rF- SInv}
 52234 | D:15     | Found a staircase to the Depths.
 52945 | D:10     | Bought a jewelled quarterstaff for 315 gold pieces
 52945 | D:10     | Identified the +5 quarterstaff "Nusi Fio" {flame, Str-2
                  | Int+8} (You bought it in a shop on level 10 of the Dungeon)
 52964 | D:10     | Learned a level 6 spell: Starburst
 53238 | D:9      | Reached skill level 1 in Fire Magic
 53240 | D:9      | Killed Vruhak's ghost
 53497 | Spider:1 | Entered Level 1 of the Spider Nest
 55133 | Spider:1 | Gained mutation: You sometimes gain power by taking damage.
                  | [demonic ancestry]
 55133 | Spider:1 | Reached XP level 16. HP: 127/127 MP: 28/34
 55413 | Spider:1 | Reached skill level 15 in Spellcasting
 55713 | Spider:1 | Reached skill level 1 in Invocations
 56984 | Spider:1 | Reached skill level 5 in Invocations
 60233 | Spider:2 | Reached skill level 10 in Invocations
 63784 | Spider:3 | Noticed Louise
 63791 | Spider:3 | Killed Louise
 63948 | Spider:3 | Found a transporter.
 63950 | Spider:3 | Found a transporter.
 65075 | Spider:3 | Noticed Asterion
 65084 | Spider:3 | Noticed an Executioner
 65756 | Spider:3 | Killed Asterion
 66463 | Spider:4 | Entered Level 4 of the Spider Nest
 68726 | Spider:4 | Reached XP level 17. HP: 135/135 MP: 7/36
 70836 | Spider:4 | Got a gossamer rune of Zot
 71539 | Spider:3 | Got the +0 pair of boots of Agoraphobia {Fly Will+}
 71885 | Lair:5   | Killed Ypehuijo's ghost
 72296 | Shoals:1 | Entered Level 1 of the Shoals
 72468 | Shoals:1 | Learned a level 2 spell: Sublimation of Blood
 72575 | Shoals:1 | Found a runed translucent door.
 72575 | Shoals:1 | Noticed Qatuad's ghost (adept GnFi)
 72594 | Shoals:1 | Noticed Aizul
 72595 | Shoals:1 | Reached skill level 1 in Necromancy
 72598 | Shoals:1 | Killed Aizul
 72797 | Shoals:1 | Identified Roxanne's Tome of Changing
 72797 | Shoals:1 | Noticed Roxanne
 72801 | Shoals:1 | Killed Roxanne
 73102 | Shoals:1 | Noticed Nikola
 73119 | Shoals:1 | Killed Nikola
 74621 | Shoals:2 | Noticed Kirke
 74624 | Shoals:2 | Killed Kirke
 75641 | Shoals:3 | Reached skill level 10 in Dodging
 76995 | Shoals:3 | Noticed a kraken
 77423 | Shoals:3 | HP: 6/176 [merfolk (8)]
 78039 | Shoals:4 | Entered Level 4 of the Shoals
 78208 | Shoals:4 | Found Aclofo's General Store.
 78218 | Shoals:4 | Found Namoaliro's Specific Store.
 78400 | Shoals:4 | Noticed Mlioglotl
 78899 | Shoals:4 | Noticed Polyphemus
 78986 | Shoals:4 | Gained mutation: You have an absolutely massive brain. (Int
                  | +6, Wiz) [demonic ancestry]
 78986 | Shoals:4 | Reached XP level 18. HP: 145/145 MP: 24/37
 80402 | Shoals:4 | Noticed Ilsuiw
 80411 | Shoals:4 | Killed Ilsuiw
 80412 | Shoals:4 | Killed Mlioglotl
 80413 | Shoals:4 | Reached skill level 15 in Invocations
 80436 | Shoals:4 | Noticed Mara
 80457 | Shoals:4 | Noticed Colgate's illusion
 80463 | Shoals:4 | Noticed Colgate's illusion
 80463 | Shoals:4 | Killed Mara
 81341 | Shoals:4 | Got a barnacled rune of Zot
 81475 | Shoals:4 | Killed Polyphemus
 82117 | Vaults:1 | Entered Level 1 of the Vaults
 83133 | Vaults:1 | Found Faiz Cyo's Antique Armour Boutique.
 85850 | Vaults:2 | Found Daotrenomm's Antique Armour Emporium.
 85873 | Vaults:2 | Bought a runed cloak for 255 gold pieces
 86007 | Vaults:2 | Gained mutation: Your presence sometimes corrodes those you
                  | injure. [demonic ancestry]
 86007 | Vaults:2 | Reached XP level 19. HP: 152/152 MP: 7/40
 87076 | Vaults:2 | Cast into level 3 of the Abyss (vault warden)
 87193 | Abyss:3  | HP: 5/152 [thrashing horror (8)]
 87194 | Abyss:3  | Slain by a thrashing horror

Illustrated notes

Levels and vault maps discovered:
D:1:      lemuel_arrival_behind_the_door_small, layout_basic,
          corexii_hall_statues_l, minmay_pentomino_q2
D:2:      layout_basic, hangedman_decor_clover_reticule, uniq_robin,
          uniq_jessica
D:3:      layout_basic, lightli_temple_of_fire, lemuel_tele_altar, serial_shops,
          shop, gammafunk_ghost_cemetery
D:4:      minmay_diamond_boxcup, layout_loops_ring, ebering_ghost_gozag,
          hangedman_decor_slide_cut, uniq_grinder
D:5:      corexii_shack_village, layout_basic, grunt_qazlal_sundering,
          serial_shops, shop
D:6:      layout_cave_pools, mainiacjoe_overflow_paths,
          minmay_temple_entry_offerings, gammafunk_ghost_smash,
          amcnicky_mini_pool_small
D:7:      layout_rooms, slow_altar_1, nicolae_wooded_promenade
D:8:      layout_loops_cross, mainiacjoe_overflow_boulevard, serial_aquarium,
          aquarium_bridge_square [aquarium_subvault_bridge,
          aquarium_subvault_wall, aquarium_subvault_balcony,
          aquarium_subvault_wall], aquarium_window_corner, aquarium_window_2,
          aquarium_view_2e, aquarium_view_4, minmay_bent, uniq_maurice
D:9:      layout_loops_cross, gammafunk_ghost_split
D:10:     layout_loops_ring, erik_lair_orcish_takeover, serial_shops,
          nicolae_shop_behind_doors, minmay_misc_feat_enclosed
D:11:     layout_loops_ring, david_orc_1_choice, uniq_urug
D:12:     layout_loops_corners, enter_trove_6, lemuel_zombie_altar_yredelemnul,
          uniq_jorgrun, uniq_rupert, uniq_nessos
D:13:     layout_cave_pods, david_vaults_2, serial_shops,
          nicolae_shop_overgrown_old_shop, vehumet_crystals
D:14:     layout_irregular_city, grunt_dithmenos_smoke
D:15:     grunt_enter_depths_hoard, layout_basic, minmay_quadrilaterals,
          uniq_josephine, uniq_azrael
Lair:1:   layout_cave_pods
Lair:2:   regret_index_tunnel_blossom, layout_cave_pods, shoals_dummy_entry,
          spider_nest_entry_a, beast_lair_carwin_9, serial_bayou_shore_b
Lair:3:   layout_gridlike, grunt_megastairs_2
Lair:4:   layout_regular_city, enter_volcano_3, tgw_fedhas
Lair:5:   layout_small_grid, slime_altar_1, serial_bayou, serial_bayou_pond_c,
          serial_bayou_lagoon_a, serial_bayou_shore_a, serial_bayou_lake_a,
          serial_bayou_pond_c, serial_bayou_shore_b,
          gammafunk_ghost_wrathful_warriors
Lair:6:   grunt_lair_end_beastmaster, layout_regular_city,
          bobbens_dragon_lair_wall
Shoals:1: layout_shoals, hellmonk_ghost_happy_afterlife, uniq_aizul,
          uniq_nikola, uniq_roxanne
Shoals:2: layout_shoals, uniq_kirke
Shoals:3: layout_shoals
Shoals:4: shoals_end_grunt_ice, layout_shoals, shoal_ilsuiw,
          nicolae_shoals_cliffside_cave, nicolae_specific_store,
          uniq_polyphemus, uniq_mlioglotl, uniq_mara
Spider:1: layout_spider_delve
Spider:2: layout_chambers
Spider:3: gammafunk_boulding_lane, uniq_asterion, uniq_louise
Spider:4: grunt_spider_rune_parallel
Orc:1:    cheibrodos_orc_guarddog, layout_diamond_mine, serial_shops,
          nicolae_shop_advertising_works [nicolae_subvault_shop_adworks]
Orc:2:    st_orc_mages, layout_caves, minmay_orc_temple_c
Vaults:1: v_misc_5, v_misc_16, ontoclasm_vaults_fault, v_pattern_4,
          nicolae_vaults_little_squares_3, layout_vaults_quadrants,
          serial_shops, nicolae_shop_crystal
Vaults:2: hangedman_vaults_nodes, v_misc_17, v_pattern_5, st_squares,
          vaults_standard_mumra_lines, ontoclasm_vaults_claustrophobia,
          vaults_room_mumra_shop_pool, v_misc_13, v_misc_24,
          vaults_dpeg_encased_lava, layout_vaults_big_room
Abyss:3:  base:
Spider:3

Skill      XL: |  1  2  3  4  5  6  7  8  9 10 11 12 13 14 15 16 17 18 |
---------------+-------------------------------------------------------+-----
Conjurations   | 5 6 8 10 12 13 14 16 17 | 17.0
Spellcasting   | 3 6 7 14 15 17 | 17.5
Hexes          | 3 4 |  4.0
Fighting       | 6 10 12 13 14 | 14.0
Dodging        | 3 4 5 6 10 | 10.0
Evocations     | 5 |  5.1
Earth Magic    | 4 9 12 14 | 14.0
Transmutations | 3 |  3.5
Fire Magic     | 2 |  2.2
Invocations    | 14 17 | 17.0
Necromancy     | 2 |  2.0
Stealth        | |  1.7

Action                   |  1- 3 |  4- 6 |  7- 9 | 10-12 | 13-15 | 16-18 | 19-21 || total
-------------------------+-------+-------+-------+-------+-------+-------+-------++-------
Melee: Unarmed           |     1 |       |       |       |       |       |       ||     1
       Short sword       |     3 |     6 |     1 |       |       |       |       ||    10
       War axe           |       |       |       |    30 |   352 |     7 |       ||   389
       Punch             |       |       |       |       |     3 |     1 |       ||     4
       Staff             |       |       |       |       |       |    57 |     2 ||    59
       Quarterstaff      |       |       |       |       |       |    25 |       ||    25
       Demon blade       |       |       |       |       |       |    37 |     2 ||    39
 Cast: Magic Dart        |    29 |    33 |       |       |       |     2 |       ||    64
       Searing Ray       |     7 |    26 |       |     1 |     1 |     3 |     1 ||    39
       Fulminant Prism   |       |    10 |    88 |   265 |   185 |       |       ||   548
       Iskenderun's Myst |       |       |       |     3 |     9 |       |       ||    12
       Statue Form       |       |       |       |    18 |   222 |   317 |    13 ||   570
       Lee's Rapid Decon |       |       |       |       |   270 |   133 |     2 ||   405
       Lehudib's Crystal |       |       |       |       |     8 |   269 |    22 ||   299
       Irradiate         |       |       |       |       |     6 |    25 |     5 ||    36
       Starburst         |       |       |       |       |     2 |    70 |     7 ||    79
       Passwall          |       |       |       |       |       |     1 |       ||     1
Invok: Minor Destruction |       |       |       |       |    43 |    29 |       ||    72
       Greater Servant o |       |       |       |       |       |     9 |       ||     9
       Lesser Servant of |       |       |       |       |       |     5 |       ||     5
       Major Destruction |       |       |       |       |       |     3 |       ||     3
 Abil: End Transformatio |       |       |       |       |     4 |     4 |       ||     8
Evoke: Wand              |       |     1 |     3 |     2 |     2 |     9 |       ||    17
       Condenser vane    |       |       |       |       |       |     3 |       ||     3
       Phantom mirror    |       |       |       |       |       |     1 |       ||     1
  Use: Potion            |       |     1 |       |     2 |     3 |     8 |       ||    14
       Scroll            |       |       |       |    14 |    10 |     5 |       ||    29
Armor: Robe              |     1 |     6 |     8 |       |       |       |       ||    15
       Ring mail         |       |    13 |       |       |       |       |       ||    13
       Leather armour    |       |       |    16 |       |       |       |       ||    16
       Steam dragon scal |       |       |       |    57 |    56 |    10 |       ||   123
       Skin              |       |       |       |    71 |   375 |   670 |    24 ||  1140
Dodge: Dodged            |     3 |    18 |    34 |   121 |   497 |   691 |    44 ||  1408
Block: Kite shield       |       |     5 |     4 |    80 |   239 |       |       ||   328
       Buckler           |       |       |       |       |       |    46 |    12 ||    58
